 Dungeon Crawl Stone Soup version 0.31-a0-348-g810772c3d7 (webtiles) character file.

Game seed: 18260427152255282608

10691 AIAndy the Skirmisher (level 11, 0/106 HPs)
             Began as a Minotaur Hunter on July 23, 2023.
             Was a High Priest of Cheibriados.
             Slain by an ice devil (22 damage)
             ... summoned by an obsidian statue
             ... on level 10 of the Dungeon.
             The game lasted 00:35:43 (10815 turns).

AIAndy the Skirmisher (Minotaur Hunter)            Turns: 10815, Time: 00:35:44

Health: 0/106      AC: 15    Str: 29    XL:     11   Next: 39%
Magic:  10/15      EV: 13    Int: 17    God:    Cheibriados [*****.]
Gold:   598        SH:  0    Dex: 27    Spells: 10/10 levels left

rFire   . . .        j - +11 mace of Awkwardness {holy, rPois rN+ Will+}
rCold   . . .        (no shield)
rNeg    + . .        J - +0 troll leather armour
rPois   +            (helmet restricted)
rElec   .            H - +0 cloak
rCorr   .            u - +0 pair of gloves
SInv    .            (no boots)
Will    +....        (no amulet)
Stlth   ++           O - +4 ring of protection
HPRegen 1.17/turn    o - +4 ring of protection
MPRegen 0.14/turn

%: no passive effects
@: very slow
A: horns 2, retaliatory headbutt
a: Renounce Religion, Bend Time, Temporal Distortion, Slouch, Step From Time


You were on level 10 of the Dungeon.
You worshipped Cheibriados.
Cheibriados was extremely pleased with you.
You visited 1 branch of the dungeon, and saw 10 of its levels.

You collected 928 gold pieces.
You spent 330 gold pieces at shops.


Innate Abilities, Weirdness & Mutations

You have a pair of horns on your head.
You reflexively headbutt those who attack you in melee.


   Skills:
 + Level 12.8 Fighting
 - Level 4.0 Maces & Flails
 + Level 13.3 Ranged Weapons
 - Level 4.0 Armour
 - Level 2.1 Dodging
 - Level 0.7 Stealth
 + Level 7.4 Invocations


You had 10 spell levels left.
You didn't know any spells.
Your spell library contained the following spells:

 Spells                   Type           Power      Damage    Failure   Level
 Necrotise                Necr           0%         1d4       26%         1
 Sandblast                Erth           0%         2d4       26%         1
 Passwall                 Tmut/Erth      0%         N/A       36%         2
 Stone Arrow              Conj/Erth      0%         3d7       61%         3
 Vampiric Draining        Necr           0%         2d6       61%         3
 Animate Armour           Summ/Erth      0%         N/A       95%         4
 Agony                    Necr           0%         N/A       100%        5
 Lehudib's Crystal Spear  Conj/Erth      0%         10d2      100%        8

Inventory:

Hand Weapons
 a - the +9 dagger "Lovamoo" {pain, rF+}
   (You found it on level 6 of the Dungeon)

   rF:        It protects you from fire.
 g - a +0 orcbow of draining
 j - the +11 mace of Awkwardness (weapon) {holy, rPois rN+ Will+}
   (You found it on level 2 of the Dungeon)

   rPois:     It protects you from poison.
   rN:        It protects you from negative energy.
   Will:      It increases your willpower.
Missiles
 L - a throwing net {=f}
Armour
 c - a +0 leather armour
 u - a +0 pair of gloves (worn)
 w - a +0 chain mail
 H - a +0 cloak (worn)
 J - a +0 troll leather armour (worn)
Jewellery
 o - a +4 ring of protection (right hand)
 O - a +4 ring of protection (left hand)
Wands
 r - a wand of polymorph (9)
 x - a wand of mindburst (15)
 A - a wand of roots (10)
Scrolls
 b - a scroll of butterflies
 d - 4 scrolls of noise {unknown}
 h - 4 scrolls of teleportation {@r4}
 l - 2 scrolls of enchant weapon {unknown}
 m - a scroll of revelation {unknown}
 n - 4 scrolls of fear
 p - 2 scrolls of fog {unknown}
 t - a scroll of immolation {unknown}
 v - 2 scrolls of summoning {unknown}
 E - a scroll of poison {unknown}
 I - a scroll of torment {unknown}
Potions
 e - a potion of heal wounds {@q2}
 f - 2 potions of brilliance
 i - 3 potions of might
 k - 4 potions of enlightenment
 q - a potion of berserk rage {!q}
 z - 6 potions of curing {@q1}
 B - a potion of lignification {!q}
 C - 2 potions of attraction {!q}
 F - 2 potions of cancellation
 G - a potion of ambrosia
 K - 2 potions of magic
 M - a potion of mutation {!q}
 N - a potion of resistance

Dungeon Overview and Level Annotations

Branches:
Dungeon (10/15)            Temple (0/1) D:6            Lair (0/5) D:9
    Orc: D:9-12

Altars:
Cheibriados
Dithmenos
Fedhas
Gozag
Qazlal
Trog
Zin

Shops:
D:10 !*

Annotations:
D:10 exclusions: obsidian statue and orange crystal statue

#########
##############..@4...#
######
...#....#......###48.#
#....#
...#....#......# ░...░
#....#
...#....#......# ░.$.░
#.####
...'....#......# ░...░
#.'∩##
...#....#......# ░...░
#.####
#########.###### ░...░
##'### ####..###.###.#
░...░ #.....
..............# .....
#>....


You could see an orange demon (summoned) and an ice devil (summoned).


Message History

The orange demon barely misses you.
The +11 mace of Awkwardness {holy, rPois rN+ Will+} softly glows with a divine radiance!
j - the +11 mace of Awkwardness (weapon)
{holy, rPois rN+ Will+} The ice devil misses you.
You furiously retaliate!
You headbutt the ice devil! The orange demon stings you from afar.
You hit the ice devil.
The ice devil convulses!
The ice devil is severely wounded.
The orange demon closely misses you. The ice devil hits you.
The ice devil freezes you!
* * * LOW HITPOINT WARNING * * *
You hit the ice devil but do no damage. You headbutt the ice devil!
The ice devil is almost dead.
The ice devil hits you.
* * * LOW HITPOINT WARNING * * *
The ice devil freezes you!!
* * * LOW HITPOINT WARNING * * *
The orange demon stings you from afar.
* * * LOW HITPOINT WARNING * * *
You closely miss the ice devil. Your headbutt misses the ice devil.
The ice devil is almost dead.
The ice devil hits you.
* * * LOW HITPOINT WARNING * * *
The ice devil freezes you!
* * * LOW HITPOINT WARNING * * *
The orange demon stings you from afar.
* * * LOW HITPOINT WARNING * * *
You feel much better. The ice devil hits you!
* * * LOW HITPOINT WARNING * * *
The ice devil freezes you!!
You die...

Skill      XL: |  1  2  3  4  5  6  7  8  9 10 11 |
---------------+----------------------------------+-----
Ranged Weapons | 5 6 7 8 9 10 11 12 13 | 13.3
Fighting       | 3 5 7 9 10 12 | 12.8
Invocations    | 1 4 6 7 |  7.4
Maces & Flails | 2 4 |  4.0
Armour         | 3 4 |  4.0
Dodging        | |  2.1
Stealth        | |  0.7

Action                     |  1- 3 |  4- 6 |  7- 9 | 10-12 || total
---------------------------+-------+-------+-------+-------++-------
  Melee: Mace              |       |    61 |   108 |   123 ||   292
         Headbutt          |       |    17 |    21 |    28 ||    66
         Punch             |       |     2 |     2 |     2 ||     6
   Fire: Shortbow          |   119 |   148 |    31 |       ||   298
         Orcbow            |       |       |   111 |   134 ||   245
    Use: Scroll            |       |       |       |    13 ||    13
         Potion            |       |       |       |     1 ||     1
 Armour: Leather armour    |    11 |    11 |     1 |       ||    23
         Chain mail        |       |       |    87 |    47 ||   134
         Troll leather arm |       |       |       |    91 ||    91
  Dodge: Dodged            |    32 |    36 |    80 |   121 ||   269

Levels and vault maps discovered:
D:1:      dpeg_arrival_arbitrary_b, layout_loops_cross
D:2:      layout_basic, serial_forest, infiniplex_forest_straight_5,
          infiniplex_forest_corner_1, infiniplex_forest_clump_tiny,
          infiniplex_forest_straight_4, infiniplex_forest_straight_3,
          infiniplex_forest_straight_2, infiniplex_forest_clump_C,
          infiniplex_forest_end_3, minivault_19
D:3:      cheibrodos_pilgrimage, layout_loops_ring,
          mainiacjoe_overflow_tiny_flanked, serial_forest,
          infiniplex_forest_clump_small, infiniplex_forest_clump_tiny,
          infiniplex_forest_lined_room_2, infiniplex_forest_zigzag_2,
          infiniplex_forest_lined_1, infiniplex_forest_clump_double,
          infiniplex_forest_end_2, infiniplex_forest_clump_medium,
          infiniplex_forest_clump_double, roderic_three_in_a_row,
          lemuel_flame_loot_1, uniq_jessica, uniq_terence, uniq_natasha
D:4:      layout_cave_pools, mainiacjoe_overflow_catwalk_spiral,
          skrybe_limestone_x, uniq_blork_the_orc
D:5:      layout_basic, mainiacjoe_overflow_24_doors, uniq_grinder, uniq_pikel,
          uniq_prince_ribbit1
D:6:      layout_basic, minmay_temple_entry_overgrown, hangedman_decor_riveting,
          dilly_guarded_unrand_morg
D:7:      layout_rooms, serial_co_window_serial, co_window_of_opportunity_a,
          co_window_corner_a, co_window_corner_a, co_window_of_opportunity_a,
          co_window_paths_b, co_window_of_opportunity_c,
          co_window_unsneaky_path_d, co_window_broadway_b, co_window_paths_c,
          co_window_paths_c, co_window_corner_ca, co_window_paths_e,
          co_window_4corner_b, glass_columns_a, glass_columns_a,
          glass_columns_c, glass_columns_c, glass_columns_c
D:8:      layout_basic, fedhas_altar_fruit_tree, serial_rivers,
          chequers_serial_rivers_micro_c, chequers_serial_rivers_micro_c,
          chequers_serial_rivers_room_b, chequers_serial_rivers_small_3,
          chequers_serial_rivers_large_b, interstate_on_off, dk_vineyard_3
D:9:      layout_loops_cross, nicolae_qazlal_eye_of_the_storm, lair_entry_dummy,
          kennysheep_generic_room_16
D:10:     layout_gridville, nicolae_gozag_zags_fifth_avenue, serial_shops,
          nicolae_shop_tiny_glass, david_greed, uniq_lodul, uniq_harold,
          uniq_fannar

Notes
Turn   | Place    | Note
-------+----------+-------------------------------------------
     0 | D:1      | AIAndy the Minotaur Hunter began the quest for the Orb.
     0 | D:1      | Reached XP level 1. HP: 18/18 MP: 0/0
   102 | D:1      | Reached XP level 2. HP: 25/25 MP: 1/1
   137 | D:1      | Reached skill level 5 in Ranged Weapons
   363 | D:1      | Reached XP level 3. HP: 30/30 MP: 2/2
   657 | D:2      | Identified the +11 mace of Awkwardness {holy, rPois rN+
                  | Will+}
   813 | D:2      | Reached skill level 6 in Ranged Weapons
   995 | D:2      | Reached XP level 4. HP: 37/37 MP: 3/3
  1751 | D:3      | Noticed Natasha
  1761 | D:3      | Killed Natasha
  1956 | D:3      | Noticed Jessica
  1960 | D:3      | Killed Jessica
  1961 | D:3      | Reached skill level 7 in Ranged Weapons
  1961 | D:3      | Reached XP level 5. HP: 44/44 MP: 4/4
  2138 | D:3      | Reached skill level 3 in Fighting
  2381 | D:3      | Noticed Natasha
  2384 | D:3      | Killed Natasha
  2389 | D:3      | Noticed Terence
  2397 | D:3      | Killed Terence
  2398 | D:3      | Reached XP level 6. HP: 40/52 MP: 5/5
  2468 | D:3      | Found a bloodstained altar of Trog.
  2576 | D:3      | Reached skill level 4 in Fighting
  2635 | D:3      | Noticed Natasha
  2655 | D:3      | Killed Natasha
  3160 | D:4      | Reached skill level 8 in Ranged Weapons
  3298 | D:4      | Found a glowing silver altar of Zin.
  3308 | D:4      | Reached skill level 5 in Fighting
  3310 | D:4      | Found a snail-covered altar of Cheibriados.
  3322 | D:4      | Noticed Blork the orc
  3329 | D:4      | Killed Blork the orc
  3330 | D:4      | Reached XP level 7. HP: 53/61 MP: 6/6
  3544 | D:4      | Became a worshipper of Cheibriados the Contemplative
  3686 | D:5      | Entered Level 5 of the Dungeon
  3750 | D:5      | Reached skill level 6 in Fighting
  3845 | D:5      | Noticed Prince Ribbit
  3851 | D:5      | Killed Prince Ribbit
  3852 | D:5      | Reached skill level 9 in Ranged Weapons
  4028 | D:5      | Noticed Grinder
  4037 | D:5      | Reached skill level 7 in Fighting
  4037 | D:5      | Reached XP level 8. HP: 45/73 MP: 7/7
  4044 | D:5      | Killed Grinder
  4182 | D:5      | Found a shadowy altar of Dithmenos.
  4538 | D:5      | Reached skill level 8 in Fighting
  4538 | D:5      | Reached * piety under Cheibriados
  4556 | D:5      | Reached skill level 10 in Ranged Weapons
  4648 | D:5      | Noticed Pikel
  4657 | D:5      | Killed Pikel
  4658 | D:5      | Reached skill level 9 in Fighting
  5026 | D:6      | Reached skill level 1 in Invocations
  5026 | D:6      | Reached XP level 9. HP: 73/84 MP: 8/8
  5044 | D:6      | Reached skill level 11 in Ranged Weapons
  5044 | D:6      | Reached skill level 2 in Invocations
  5211 | D:6      | Reached ** piety under Cheibriados
  5217 | D:6      | Identified the +9 dagger "Lovamoo" {pain, rF+}
  5329 | D:6      | Reached skill level 10 in Fighting
  5580 | D:6      | Reached skill level 3 in Invocations
  5802 | D:6      | Found a staircase to the Ecumenical Temple.
  6151 | D:7      | Reached skill level 1 in Maces & Flails
  6379 | D:7      | Reached skill level 4 in Invocations
  6406 | D:7      | Reached *** piety under Cheibriados
  6489 | D:7      | Reached skill level 2 in Maces & Flails
  7474 | D:8      | Reached XP level 10. HP: 81/94 MP: 12/12
  7639 | D:8      | Reached skill level 11 in Fighting
  7641 | D:8      | Reached skill level 12 in Ranged Weapons
  7811 | D:7      | Reached skill level 5 in Invocations
  8193 | D:8      | Reached **** piety under Cheibriados
  8194 | D:8      | Reached skill level 3 in Maces & Flails
  8401 | D:8      | Found a blossoming altar of Fedhas.
  8771 | D:9      | Found a staircase to the Lair.
  9061 | D:9      | Reached skill level 1 in Armour
  9286 | D:9      | Found a stormy altar of Qazlal.
  9535 | D:9      | Reached skill level 2 in Armour
  9535 | D:9      | Reached skill level 6 in Invocations
  9617 | D:10     | Entered Level 10 of the Dungeon
  9617 | D:10     | Noticed Lodul
  9689 | D:9      | Reached skill level 4 in Maces & Flails
  9693 | D:9      | Reached skill level 12 in Fighting
  9693 | D:9      | Reached skill level 3 in Armour
  9755 | D:10     | Killed Lodul
  9755 | D:10     | Reached ***** piety under Cheibriados
  9756 | D:10     | Reached XP level 11. HP: 74/104 MP: 14/14
  9827 | D:10     | Reached skill level 4 in Armour
  9904 | D:10     | Noticed Harold
  9921 | D:10     | Killed Harold
  9922 | D:10     | Reached skill level 13 in Ranged Weapons
  9964 | D:10     | Reached skill level 7 in Invocations
 10023 | D:10     | Found Gozag's Platinum Reserve.
 10023 | D:10     | Found an opulent altar of Gozag.
 10110 | D:10     | Found Zuusuxt's Distillery.
 10116 | D:10     | Bought a potion of brilliance for 44 gold pieces
 10116 | D:10     | Bought a potion of enlightenment for 55 gold pieces
 10116 | D:10     | Bought a potion of mutation for 88 gold pieces
 10116 | D:10     | Bought a potion of resistance for 110 gold pieces
 10116 | D:10     | Bought a potion of curing for 33 gold pieces
 10521 | D:10     | Noticed Fannar
 10531 | D:10     | Killed Fannar
 10613 | D:10     | Noticed an obsidian statue
 10613 | D:10     | Noticed an orange crystal statue
 10814 | D:10     | HP: 10/106 [ice devil[an obsidian statue] (11)]
 10814 | D:10     | HP: 4/106 [orange demon[an obsidian statue] (6)]
 10815 | D:10     | Slain by an ice devil

Vanquished Creatures
  Fannar (D:10)
  Harold (D:10)
  Lodul (D:10)
  Pikel (D:5)
  A gargoyle (D:10)
  3 kobold demonologists
  An unseen horror (D:10)
  2 trolls (D:9)
  A hornet (D:7)
  Prince Ribbit (D:5)
  Grinder (D:5)
  A vampire (D:9)
  6 yaks
  A steam dragon (D:6)
  2 water moccasins
  2 ice beasts
  2 black bears
  10 ogres
  6 centaurs
  2 phantoms (D:6)
  4 kobold brigands
  Blork the orc (D:4)
  3 bullfrogs
  A gnoll sergeant (D:10)
  2 scorpions
  A water moccasin zombie (D:6)
  15 wights
  A water moccasin skeleton (D:6)
  5 howler monkeys (D:9)
  A spectral bullfrog (D:6)
  3 jellies
  A gnoll bouda (D:9)
  2 hounds
  7 orc priests
  Terence (D:3)
  Jessica (D:3)
  3 iguanas
  Natasha (thrice) (D:3)
  3 sleepcaps
  7 orc wizards
  A bullfrog simulacrum (D:6)
  10 gnolls
  5 adders
  A worm (D:2)
  5 dart slugs
  34 orcs
  5 endoplasms
  6 giant cockroaches
  8 goblins
  11 hobgoblins
  7 jackals
  2 quokkas
  14 ball pythons
  5 bats
  6 frilled lizards
  20 kobolds
  6 rats
257 creatures vanquished.

Table legend: (Time is in decaauts)
 A = Elapsed time spent in this place.
 B = Non-inter-level travel time spent in this place.
 C = Inter-level travel time spent in this place.
 D = Time resting spent in this place.
 E = Time spent auto-exploring this place.
 F = Levels seen in this place.
 G = Mean time per level.
                   A        B        C        D        E       F      G
               +--------+--------+--------+--------+--------+-----+--------+
         Total |  13657 |  13065 |    592 |    231 |  10953 |  10 | 1365.7 |
       Dungeon |  13657 |  13065 |    592 |    231 |  10953 |  10 | 1365.7 |
               +--------+--------+--------+--------+--------+-----+--------+

Top non-repeatable levels by time:
     D:8: 1773 daAuts
     D:7: 1769 daAuts
     D:6: 1654 daAuts
    D:10: 1610 daAuts
     D:5: 1590 daAuts
     D:9: 1483 daAuts
     D:3: 1474 daAuts
     D:2: 951 daAuts
     D:4: 697 daAuts
     D:1: 653 daAuts

Table legend:
 A = Non-vault XP
 B = Vault XP
 C = Vault XP percentage of total XP
 D = Non-vault monster count
 E = Vault monster count
 F = Vault count percentage of total count
                 A         B        C        D         E       F
            +---------+---------+-------+---------+---------+-------
      Total |    9346 |    5928 |  38.8 |     222 |      35 |  13.6
            +---------+---------+-------+---------+---------+-------
        D:1 |      54 |       0 |   0.0 |      33 |       0 |   0.0
        D:2 |      76 |       0 |   0.0 |      27 |       0 |   0.0
        D:3 |     151 |     164 |  52.1 |      21 |       8 |  27.6
        D:4 |     269 |      90 |  25.1 |      16 |       1 |   5.9
        D:5 |     678 |    1197 |  63.8 |      22 |       3 |  12.0
        D:6 |     993 |     708 |  41.6 |      22 |      10 |  31.2
        D:7 |    1515 |       0 |   0.0 |      19 |       0 |   0.0
        D:8 |    1816 |       0 |   0.0 |      27 |       0 |   0.0
        D:9 |    2080 |     789 |  27.5 |      18 |       6 |  25.0
       D:10 |    1714 |    2980 |  63.5 |      17 |       7 |  29.2
            +---------+---------+-------+---------+---------+-------
